 Dungeon Crawl Stone Soup version 0.28.0 (webtiles) character file.

Game seed: 17241306856199385390

25 Sanktem7 the Conjurer (level 2, 0/11 HPs)
             Began as a Felid Conjurer on Feb 11, 2022.
             Slain by a kobold (2 damage)
             ... on level 1 of the Dungeon.
             The game lasted 00:04:16 (977 turns).

Sanktem7 the Conjurer (Felid Conjurer)               Turns: 977, Time: 00:04:17

Health: 0/11       AC:  1    Str:  3    XL:     2   Next: 86%
Magic:  2/6        EV: 17    Int: 19    God:
Gold:   23         SH:  0    Dex: 14    Spells: 4/5 levels left
                                        Lives:  0   Deaths: 0

rFire   . . .      SeeInvis +   (weapon unavailable)
rCold   . . .      Faith    .   (shield unavailable)
rNeg    . . .      Spirit   .   (armour unavailable)
rPois   .          Reflect  .   (helmet unavailable)
rElec   .          Harm     .   (cloak unavailable)
rCorr   .          Rampage  .   (gloves unavailable)
Will    .....                   (boots unavailable)
Stlth   ++........              (no amulet)
HPRegen 0.03/turn               (no ring)
MPRegen 0.10/turn               (no ring)

@: quick
A: very small, claws 1, fangs 3, see invisible, speed 1, shaggy fur 1, stealthy
paws, no weapons or thrown items, no armour, multi-lived
a: no special abilities


You were on level 1 of the Dungeon.
You visited 1 branch of the dungeon, and saw 1 of its levels.

You collected 23 gold pieces.

Inventory:

Scrolls
 a - a scroll of noise {unknown}
 b - a scroll of identify {unknown}
Potions
 c - a potion of attraction {unknown}
 d - a potion of heal wounds {unknown}
 e - a potion of haste {unknown}


   Skills:
 + Level 2.8 Dodging
 + Level 3.0 Stealth
 + Level 0.2 Unarmed Combat
 * Level 2.2 Spellcasting
 * Level 4.2 Conjurations


You had 4 spell levels left.
You knew the following spells:

 Your Spells              Type           Power      Damage    Failure   Level
a - Magic Dart            Conj           72%        1d6       3%          1

Your spell library contained the following spells:

 Spells                   Type           Power      Damage    Failure   Level
 Searing Ray              Conj           36%        2d5       4%          2
 Dazzling Flash           Conj/Hex       20%        N/A       22%         3
 Mephitic Cloud           Conj/Pois/Air  7%         N/A       28%         3
 Ignite Poison            Fire/Tmut/Pois 2%         N/A       45%         3
 Fulminant Prism          Conj/Hex       5%         3d7       56%         4
 Iskenderun's Mystic Bla  Conj/Tloc      10%        2d4       56%         4
 Freezing Cloud           Conj/Ice/Air   3%         6-21      95%         5


Dungeon Overview and Level Annotations

Branches:
Dungeon (1/15)

Altars:


Innate Abilities, Weirdness & Mutations

You have sharp claws.
You have razor-sharp teeth.
You have supernaturally acute eyesight. (SInv)
You cover ground quickly. (Speed+)
You are covered in fur. (AC +1)
Your paws help you pounce on unaware monsters.
You are incapable of wielding weapons or throwing items.
You cannot wear armour.
You gain extra lives every three experience levels.


Message History

Aiming: Magic Dart (safe; 3% risk of failure)
Press: ? - help, Shift-Dir - straight line, f/p - kobold
Aim: a kobold, wielding a +0 dagger and wearing a +0 ring mail (heavily wounded, 100% to hit)
The magic dart hits the kobold but does no damage.
The kobold is heavily wounded.
Casting: Magic Dart (safe; 3% risk of failure)
Confirm with . or Enter, or press ? or * to list all spells.
Aiming: Magic Dart (safe; 3% risk of failure)
Press: ? - help, Shift-Dir - straight line, f/p - kobold
Aim: a kobold, wielding a +0 dagger and wearing a +0 ring mail (heavily wounded, 100% to hit)
The magic dart hits the kobold but does no damage.
The kobold is heavily wounded.
You scratch the kobold but do no damage.
The kobold is heavily wounded.
The kobold closely misses you.
You scratch the kobold but do no damage.
The kobold is heavily wounded.
The kobold hits you with a +0 dagger.
You closely miss the kobold.
The kobold is heavily wounded.
The kobold misses you.
You scratch the kobold but do no damage.
You bite the kobold, but do no damage.
The kobold is moderately wounded.
The kobold hits you with a +0 dagger.
You scratch the kobold but do no damage.
The kobold is moderately wounded.
The kobold barely misses you.
You scratch the kobold but do no damage.
You bite the kobold, but do no damage.
The kobold is moderately wounded.
The kobold hits you with a +0 dagger.
You scratch the kobold.
The kobold is heavily wounded.
The kobold hits you with a +0 dagger.
* * * LOW HITPOINT WARNING * * *
You scratch the kobold but do no damage.
The kobold is heavily wounded.
The kobold hits you with a +0 dagger.
You die...

.....##....>.....'...............
##.#.##..........#####.########..
#.....'..........#####...........
#..#.##................#........)
#.........#.####.......#.........
#..#.##...#.####.......#.........
##.#.####.#.##.........#.........
...#........##.#####'#....####+##
#########.#.....@K...............
#######.####.#####.#.##.####...
#.......# #.# #.#.##.# #...
#.......# #.# #.#....####...
#.......# #.# #.####......##
#.......# #.#####.# #........
#######.# #.#.....# ##....... #.#
#.#.#########.......
#.####.#.........'.......


You could see a kobold.

Vanquished Creatures
  2 endoplasms (D:1)
  4 goblins (D:1)
  2 hobgoblins (D:1)
  2 kobolds (D:1)
  2 quokkas (D:1)
  2 ball pythons (D:1)
  2 bats (D:1)
  3 frilled lizards (D:1)
  6 rats (D:1)
25 creatures vanquished.

Notes
Turn   | Place    | Note
-------+----------+-------------------------------------------
     0 | D:1      | Sanktem7 the Felid Conjurer began the quest for the Orb.
     0 | D:1      | Reached XP level 1. HP: 7/7 MP: 4/4
   121 | D:1      | Reached XP level 2. HP: 11/11 MP: 0/6
   182 | D:1      | Reached skill level 4 in Conjurations
   977 | D:1      | Slain by a kobold

Illustrated notes

Levels and vault maps discovered:
D:1:      dpeg_arrival_simpleton_a, layout_basic

Skill      XL: |  1  2 |
---------------+-------+-----
Conjurations   | 4 |  4.2
Stealth        | 3 |  3.0
Dodging        | |  2.8
Unarmed Combat | |  0.2
Spellcasting   | |  2.2

Action                   || total
-------------------------++-------
Melee: Unarmed           ||    17
       Bite              ||     2
 Cast: Magic Dart        ||    37
Armor: Skin              ||     1
Dodge: Dodged            ||    16
